[ AOE2 MATCH · #505307396 ]
UnrankedMuisca vs Poles
Player's team · LOSS
Rival team · WIN
[ REPLAY ANALYSIS · EXTRACTED FROM THE RECORDED GAME ]
Feudal
10:30
Castle
14:08
Imperial
—
| APM avg | 70.2 |
| APM peak | 177 |
| eAPM avg | 34.3 |
| Villagers / military | 73 / 12 |
Focus
⚔️ 69.4% · 🌾 30.6%
Unknown (2562) ×75 · Petard ×9 · Unknown (2586) ×5 · Monk ×3
Feudal
8:53
Castle
22:52
Imperial
—
| APM avg | 57.8 |
| APM peak | 101 |
| eAPM avg | 26.9 |
| Villagers / military | 110 / 65 |
Focus
⚔️ 46.0% · 🌾 54.0%
Knight ×42 · Scout Cavalry ×14 · Scorpion ×6 · Mangonel ×3
Match map
Initial resources + every placement click. Lines = walls · curves = elevation contours. ◆ gold · ⬟ stone · ● berries · ✦ relic · ◌ wall gap
Your base· Open — unwalled flank
DS_Biry's base· ✓ Closed at 22:52 · 56t walls · no gate
Smoothed initial terrain · ◌ = detected wall gap · hover for details
Inputs per minute
— RedPhosphoru - - DS_Biry
Build order — RedPhosphoru
First 150 of 239 actions detected
| 0:00 | Create | Villager (Male) |
| 0:00 | Create | Villager (Male) |
| 0:02 | Build | House |
| 0:03 | Build | House |
| 0:11 | Create | Villager (Male) |
| 0:17 | Create | Villager (Male) |
| 1:14 | Create | Villager (Male) |
| 1:43 | Create | Villager (Male) |
| 2:12 | Create | Villager (Male) |
| 2:33 | Create | Villager (Male) |
| 2:46 | Build | Settlement |
| 2:49 | Create | Villager (Male) |
| 2:56 | Create | Villager (Male) |
| 3:23 | Create | Villager (Male) |
| 3:45 | Create | Villager (Male) |
| 4:09 | Create | Villager (Male) |
| 4:15 | Build | Settlement |
| 4:20 | Create | Villager (Male) |
| 4:56 | Build | Palisade Wall |
| 5:01 | Create | Villager (Male) |
| 5:24 | Create | Villager (Male) |
| 5:30 | Build | Palisade Wall |
| 5:34 | Create | Villager (Male) |
| 5:41 | Create | Villager (Male) |
| 5:59 | Create | Villager (Male) |
| 6:19 | Build | Palisade Wall |
| 6:23 | Create | Villager (Male) |
| 6:40 | Build | Palisade Wall |
| 6:41 | Build | Palisade Wall |
| 6:42 | Build | Palisade Wall |
| 6:42 | Build | Palisade Wall |
| 6:43 | Build | Palisade Wall |
| 6:43 | Build | Palisade Wall |
| 6:48 | Build | Palisade Wall |
| 6:49 | Build | Palisade Wall |
| 6:49 | Build | Palisade Wall |
| 6:50 | Build | Palisade Wall |
| 6:50 | Build | Palisade Wall |
| 6:54 | Build | Palisade Wall |
| 7:54 | Create | Villager (Male) |
| 8:03 | Research | Feudal Age |
| 8:04 | Research | Loom |
| 9:58 | Create | Villager (Male) |
| 10:30 | Age | Feudal Age |
| 10:34 | Build | Market |
| 10:37 | Build | Blacksmith |
| 11:28 | Research | Castle Age |
| 11:50 | Build | Palisade Wall |
| 11:51 | Build | Palisade Wall |
| 12:15 | Research | Double-Bit Axe |
| 12:15 | Research | Double-Bit Axe |
| 12:51 | Create | Villager (Male) |
| 13:03 | Build | Settlement |
| 13:23 | Build | Palisade Wall |
| 13:24 | Build | Palisade Wall |
| 13:26 | Build | Palisade Wall |
| 13:27 | Build | Palisade Wall |
| 13:33 | Create | Villager (Male) |
| 13:40 | Build | House |
| 14:08 | Age | Castle Age |
| 14:16 | Build | Castle |
| 14:21 | Create | Villager (Male) |
| 14:36 | Build | House |
| 14:38 | Build | Palisade Wall |
| 14:47 | Create | Villager (Male) |
| 14:55 | Build | Palisade Wall |
| 15:15 | Create | Unit 2562 |
| 15:15 | Create | Unit 2562 |
| 15:31 | Build | Stone Wall |
| 15:32 | Build | Stone Wall |
| 15:32 | Build | Stone Wall |
| 15:33 | Build | Stone Wall |
| 15:45 | Create | Villager (Male) |
| 15:49 | Create | Unit 2562 |
| 16:00 | Create | Unit 2562 |
| 16:04 | Create | Villager (Male) |
| 16:06 | Create | Villager (Male) |
| 16:12 | Create | Unit 2562 |
| 16:26 | Create | Unit 2562 |
| 16:32 | Create | Villager (Male) |
| 16:46 | Build | Settlement |
| 17:02 | Create | Unit 2562 |
| 17:17 | Create | Unit 2562 |
| 17:27 | Create | Unit 2562 |
| 17:30 | Build | Palisade Wall |
| 17:41 | Build | Palisade Wall |
| 17:51 | Create | Unit 2562 |
| 18:07 | Create | Unit 2562 |
| 18:22 | Build | Farm |
| 18:33 | Create | Petard |
| 18:36 | Create | Unit 2562 |
| 18:42 | Create | Unit 2562 |
| 18:42 | Create | Unit 2562 |
| 18:49 | Build | Farm |
| 19:05 | Create | Unit 2562 |
| 19:09 | Build | Outpost |
| 19:18 | Create | Unit 2562 |
| 19:27 | Build | Farm |
| 19:28 | Create | Unit 2562 |
| 19:39 | Create | Villager (Male) |
| 19:46 | Build | House |
| 19:57 | Build | House |
| 19:58 | Build | Palisade Wall |
| 20:01 | Build | House |
| 20:05 | Create | Unit 2562 |
| 20:15 | Create | Unit 2562 |
| 20:20 | Build | Farm |
| 20:35 | Research | Fletching |
| 20:42 | Create | Villager (Male) |
| 20:59 | Create | Unit 2562 |
| 21:24 | Create | Unit 2562 |
| 21:25 | Create | Villager (Male) |
| 21:32 | Create | Unit 2562 |
| 21:51 | Create | Unit 2562 |
| 21:54 | Create | Villager (Male) |
| 22:06 | Build | Farm |
| 22:08 | Build | Farm |
| 22:16 | Create | Unit 2562 |
| 22:20 | Create | Petard |
| 22:22 | Create | Unit 2562 |
| 22:34 | Build | Farm |
| 22:34 | Build | Farm |
| 22:34 | Build | Farm |
| 22:54 | Create | Villager (Male) |
| 23:11 | Create | Unit 2562 |
| 23:12 | Create | Villager (Male) |
| 23:23 | Build | Siege Workshop |
| 23:27 | Build | Monastery |
| 23:31 | Build | Farm |
| 23:36 | Create | Villager (Male) |
| 23:54 | Create | Unit 2562 |
| 23:55 | Create | Villager (Male) |
| 24:00 | Create | Unit 2586 |
| 24:07 | Create | Monk |
| 24:08 | Create | Villager (Male) |
| 24:17 | Create | Unit 2562 |
| 24:18 | Create | Villager (Male) |
| 24:51 | Create | Villager (Male) |
| 25:01 | Create | Unit 2562 |
| 25:02 | Create | Villager (Male) |
| 25:03 | Create | Villager (Male) |
| 25:32 | Create | Petard ×3 |
| 25:32 | Create | Petard ×3 |
| 25:45 | Create | Unit 2562 |
| 25:46 | Create | Villager (Male) |
| 25:55 | Create | Villager (Male) |
| 26:20 | Create | Unit 2586 |
| 26:23 | Create | Unit 2562 |
| 26:23 | Create | Villager (Male) |
| 26:39 | Create | Petard |
Build order — DS_Biry
First 150 of 338 actions detected
| 0:01 | Create | Villager (Male) |
| 0:01 | Create | Villager (Male) |
| 0:01 | Create | Villager (Male) |
| 0:01 | Create | Villager (Male) |
| 0:02 | Create | Villager (Male) |
| 0:02 | Create | Villager (Male) |
| 0:02 | Build | House |
| 0:04 | Build | House |
| 1:32 | Build | House |
| 1:39 | Create | Villager (Male) |
| 1:39 | Create | Villager (Male) |
| 1:44 | Build | House |
| 2:02 | Create | Villager (Male) |
| 2:31 | Build | Lumber Camp |
| 2:32 | Create | Villager (Male) |
| 2:32 | Create | Villager (Male) |
| 2:49 | Create | Villager (Male) |
| 2:49 | Create | Villager (Male) |
| 3:05 | Create | Villager (Male) |
| 3:05 | Create | Villager (Male) |
| 3:45 | Create | Villager (Male) |
| 4:01 | Build | Mill |
| 4:03 | Create | Villager (Male) |
| 4:03 | Create | Villager (Male) |
| 4:04 | Create | Villager (Male) |
| 4:35 | Create | Villager (Male) |
| 4:35 | Create | Villager (Male) |
| 5:00 | Create | Villager (Male) |
| 5:45 | Create | Villager (Male) |
| 6:39 | Research | Feudal Age |
| 6:40 | Research | Feudal Age |
| 7:17 | Research | Loom |
| 7:32 | Build | House |
| 7:48 | Build | Barracks |
| 8:38 | Create | Villager (Male) |
| 8:53 | Age | Feudal Age |
| 8:58 | Build | Stable |
| 9:00 | Build | Watch Tower |
| 9:02 | Create | Villager (Male) |
| 9:05 | Build | House |
| 9:08 | Research | Double-Bit Axe |
| 9:09 | Research | Double-Bit Axe |
| 9:28 | Create | Villager (Male) |
| 9:54 | Create | Scout Cavalry |
| 9:54 | Create | Scout Cavalry |
| 9:56 | Build | Palisade Wall |
| 9:57 | Build | Palisade Wall |
| 9:57 | Build | Palisade Wall |
| 9:57 | Build | Palisade Wall |
| 9:58 | Build | Palisade Wall |
| 9:58 | Build | Palisade Wall |
| 10:12 | Build | Watch Tower |
| 10:16 | Build | Palisade Wall |
| 10:16 | Build | Palisade Wall |
| 10:29 | Create | Villager (Male) |
| 10:40 | Create | Scout Cavalry |
| 10:48 | Build | Farm |
| 10:55 | Build | Farm |
| 10:57 | Create | Villager (Male) |
| 10:57 | Create | Villager (Male) |
| 11:14 | Build | Farm |
| 11:16 | Create | Villager (Male) |
| 11:28 | Build | House |
| 11:38 | Create | Scout Cavalry |
| 11:43 | Build | Farm |
| 11:48 | Build | Palisade Wall |
| 11:49 | Build | Palisade Wall |
| 11:50 | Build | Palisade Wall |
| 11:51 | Create | Villager (Male) |
| 11:51 | Create | Villager (Male) |
| 11:54 | Build | Mining Camp |
| 12:07 | Create | Villager (Male) |
| 12:13 | Build | House |
| 12:42 | Create | Scout Cavalry |
| 12:42 | Create | Scout Cavalry |
| 12:52 | Create | Villager (Male) |
| 13:05 | Create | Scout Cavalry |
| 13:07 | Build | Stone Wall |
| 13:13 | Build | Mill |
| 13:23 | Create | Villager (Male) |
| 13:23 | Create | Villager (Male) |
| 13:30 | Build | House |
| 13:38 | Create | Villager (Male) |
| 13:49 | Build | Farm |
| 13:50 | Build | Farm |
| 13:59 | Build | Watch Tower |
| 14:03 | Create | Villager (Male) |
| 14:04 | Create | Villager (Male) |
| 14:07 | Build | Farm |
| 14:10 | Build | Farm |
| 14:14 | Build | Stone Wall |
| 14:35 | Research | Town Watch |
| 14:36 | Research | Town Watch |
| 14:44 | Create | Villager (Male) |
| 14:46 | Build | Stone Wall |
| 14:56 | Build | Stone Wall |
| 15:02 | Build | Stone Wall |
| 15:04 | Build | Stone Wall |
| 15:11 | Create | Villager (Male) |
| 15:13 | Build | House |
| 15:15 | Build | House |
| 15:26 | Research | Horse Collar |
| 15:29 | Create | Villager (Male) |
| 15:30 | Create | Villager (Male) |
| 15:31 | Build | Market |
| 15:36 | Build | Watch Tower |
| 15:46 | Build | Farm |
| 15:54 | Build | Farm |
| 15:55 | Build | Farm |
| 16:15 | Create | Scout Cavalry |
| 16:17 | Create | Villager (Male) |
| 16:37 | Create | Villager (Male) |
| 16:45 | Build | Stone Wall |
| 16:47 | Build | Stone Wall |
| 16:48 | Build | Stone Wall |
| 16:55 | Create | Scout Cavalry |
| 17:00 | Create | Villager (Male) |
| 17:02 | Build | Farm |
| 17:09 | Build | Blacksmith |
| 17:23 | Build | Stone Wall |
| 17:28 | Create | Scout Cavalry |
| 17:29 | Create | Villager (Male) |
| 17:43 | Build | Stone Wall |
| 17:51 | Create | Villager (Male) |
| 17:53 | Build | Watch Tower |
| 18:09 | Build | Stone Wall |
| 18:13 | Create | Scout Cavalry |
| 18:24 | Create | Villager (Male) |
| 18:35 | Create | Villager (Male) |
| 18:37 | Build | Mining Camp |
| 18:43 | Build | Watch Tower |
| 19:06 | Create | Villager (Male) |
| 19:08 | Build | Farm |
| 19:17 | Research | Bloodlines |
| 19:17 | Research | Bloodlines |
| 19:34 | Create | Villager (Male) |
| 19:48 | Build | Lumber Camp |
| 20:02 | Build | Outpost |
| 20:09 | Build | Farm |
| 20:12 | Research | Castle Age |
| 20:12 | Research | Castle Age |
| 20:24 | Build | Outpost |
| 20:36 | Build | Stable |
| 20:42 | Research | Bloodlines |
| 20:43 | Research | Bloodlines |
| 21:08 | Build | House |
| 21:10 | Build | House |
| 21:16 | Build | House |
| 21:27 | Build | Watch Tower |
| 21:34 | Build | House |
Match timeline
| 4:56 | RedPhosphoru · wall_segment Palisade Wall x6 |
| 5:30 | RedPhosphoru · wall_segment Palisade Wall x7 |
| 6:19 | RedPhosphoru · wall_segment Palisade Wall x6 |
| 6:40 | RedPhosphoru · wall_segment Palisade Wall x1 |
| 6:41 | RedPhosphoru · wall_segment Palisade Wall x1 |
| 6:42 | RedPhosphoru · wall_segment Palisade Wall x1 |
| 6:42 | RedPhosphoru · wall_segment Palisade Wall x1 |
| 6:43 | RedPhosphoru · wall_segment Palisade Wall x1 |
| 6:43 | RedPhosphoru · wall_segment Palisade Wall x1 |
| 6:48 | RedPhosphoru · wall_segment Palisade Wall x1 |
| 6:49 | RedPhosphoru · wall_segment Palisade Wall x1 |
| 6:49 | RedPhosphoru · wall_segment Palisade Wall x1 |
| 6:50 | RedPhosphoru · wall_segment Palisade Wall x1 |
| 6:50 | RedPhosphoru · wall_segment Palisade Wall x1 |
| 6:54 | RedPhosphoru · wall_segment Palisade Wall x1 |
| 7:48 | DS_Biry · first_building Barracks |
| 8:53 | DS_Biry · age_up feudal |
| 8:58 | DS_Biry · first_building Stable |
| 9:56 | DS_Biry · wall_segment Palisade Wall x1 |
| 9:57 | DS_Biry · wall_segment Palisade Wall x1 |
| 9:57 | DS_Biry · wall_segment Palisade Wall x1 |
| 9:57 | DS_Biry · wall_segment Palisade Wall x1 |
| 9:58 | DS_Biry · wall_segment Palisade Wall x1 |
| 9:58 | DS_Biry · wall_segment Palisade Wall x1 |
| 10:16 | DS_Biry · wall_segment Palisade Wall x1 |
| 10:16 | DS_Biry · wall_segment Palisade Wall x1 |
| 10:30 | RedPhosphoru · age_up feudal |
| 11:28 | RedPhosphoru · first_market_sell 100 stone |
| 11:48 | DS_Biry · wall_segment Palisade Wall x1 |
| 11:49 | DS_Biry · wall_segment Palisade Wall x1 |
| 11:50 | DS_Biry · wall_segment Palisade Wall x1 |
| 11:50 | RedPhosphoru · wall_segment Palisade Wall x1 |
| 11:51 | RedPhosphoru · wall_segment Palisade Wall x1 |
| 13:07 | DS_Biry · wall_segment Stone Wall x6 |
| 13:23 | RedPhosphoru · wall_segment Palisade Wall x1 |
| 13:24 | RedPhosphoru · wall_segment Palisade Wall x1 |
| 13:26 | RedPhosphoru · wall_segment Palisade Wall x1 |
| 13:27 | RedPhosphoru · wall_segment Palisade Wall x1 |
| 14:08 | RedPhosphoru · age_up castle |
| 14:14 | DS_Biry · wall_segment Stone Wall x11 |
| 14:16 | RedPhosphoru · first_building Castle |
| 14:38 | RedPhosphoru · wall_segment Palisade Wall x1 |
| 14:46 | DS_Biry · wall_segment Stone Wall x7 |
| 14:55 | RedPhosphoru · wall_segment Palisade Wall x1 |
| 14:56 | DS_Biry · wall_segment Stone Wall x4 |
| 15:02 | DS_Biry · wall_segment Stone Wall x4 |
| 15:04 | DS_Biry · wall_segment Stone Wall x8 |
| 15:31 | RedPhosphoru · wall_segment Stone Wall x1 |
| 15:32 | RedPhosphoru · wall_segment Stone Wall x1 |
| 15:32 | RedPhosphoru · wall_segment Stone Wall x1 |
| 15:33 | RedPhosphoru · wall_segment Stone Wall x1 |
| 15:43 | RedPhosphoru · first_market_buy 100 food |
| 16:45 | DS_Biry · wall_segment Stone Wall x1 |
| 16:47 | DS_Biry · wall_segment Stone Wall x1 |
| 16:48 | DS_Biry · wall_segment Stone Wall x1 |
| 17:23 | DS_Biry · wall_segment Stone Wall x1 |
| 17:30 | RedPhosphoru · wall_segment Palisade Wall x4 |
| 17:41 | RedPhosphoru · wall_segment Palisade Wall x7 |
| 17:43 | DS_Biry · wall_segment Stone Wall x1 |
| 18:09 | DS_Biry · wall_segment Stone Wall x1 |
| 18:34 | DS_Biry · first_market_buy 100 food |
| 19:47 | DS_Biry · first_market_sell 100 wood |
| 19:58 | RedPhosphoru · wall_segment Palisade Wall x1 |
| 21:54 | DS_Biry · wall_segment Stone Wall x4 |
| 22:17 | DS_Biry · wall_segment Palisade Wall x1 |
| 22:52 | DS_Biry · age_up castle |
| 23:21 | DS_Biry · first_building Siege Workshop |
| 23:23 | RedPhosphoru · first_building Siege Workshop |
| 23:27 | RedPhosphoru · first_building Monastery |
| 24:11 | DS_Biry · wall_segment Stone Wall x1 |
| 24:11 | DS_Biry · wall_segment Stone Wall x1 |
| 24:11 | DS_Biry · wall_segment Stone Wall x1 |
| 26:30 | DS_Biry · wall_segment Stone Wall x3 |
| 26:48 | DS_Biry · wall_segment Stone Wall x3 |
| 26:50 | DS_Biry · wall_segment Stone Wall x3 |
| 27:08 | DS_Biry · wall_segment Stone Wall x7 |
| 27:34 | DS_Biry · wall_segment Stone Wall x3 |
| 27:36 | DS_Biry · wall_segment Stone Wall x6 |
| 29:21 | DS_Biry · wall_segment Stone Wall x1 |
| 34:41 | DS_Biry · wall_segment Stone Wall x4 |
| 34:57 | RedPhosphoru · wall_segment Palisade Wall x3 |
| 35:03 | DS_Biry · wall_segment Stone Wall x4 |
| 35:09 | DS_Biry · wall_segment Stone Wall x3 |
| 38:20 | DS_Biry · wall_segment Stone Wall x1 |
| 38:20 | DS_Biry · wall_segment Stone Wall x1 |
| 39:52 | RedPhosphoru · resign |
[ AI ANALYSIS · 1 CREDIT ]
What really happened in this match?
Wolo.gg analyzes every decision: build order, eco, micro, common mistakes by bracket. Personalized analysis on WhatsApp or Discord in 30 seconds.
Civ guide
Muisca
Perfil
Jugador #10266593